Map: Blackpink LE

Players

CinDra - Winner!

  • Race: Zerg Zerg
  • League: Bronze
  • Spawn Location: 7:00

tbkdeadpool

  • Race: Terran Terran
  • League: Silver
  • Spawn Location: 1:00

VOD

Have the link to the VOD?

Description

Time

  • Played on: Feb. 9, 2018, 9:39 a.m.
  • Length: 18:19
Show
View Real Time Build Order
Export as new Build Order

CinDra Zerg - Winner!

Build Orders: Hatch First 

Get SALT Encoding   

  12  0:02  Drone  
  13  0:13  Overlord  
  14  0:21  Drone  
  14  0:32  Drone  
  14  0:33  Drone  
  16  0:35  Drone  
  17  0:51  Drone  
  18  0:57  Hatchery  
  18  1:04  Drone  
  18  1:16  Drone  
  18  1:17  Spawning Pool  
  18  1:21  Drone  
  19  1:33  Drone  
  19  1:39  Overlord  
  20  1:49  Extractor  
  20  1:50  Drone  
  20  2:02  Drone  
  21  2:09  Queen x2  
  21  2:10  Drone  
  26  2:19  Drone  
  26  2:21  Zergling x2  
  29  2:22  Zergling x2  
  29  2:31  Drone  
  29  2:35  Drone  
  31  2:46  Drone x2  
  33  2:54  Overlord x2  
  33  2:59  Metabolic Boost  
  33  3:09  Roach Warren  
  32  3:13  Drone  
  32  3:14  Drone x2, Extractor  
  32  3:17  Queen  
  36  3:20  Drone  
  37  3:32  Zergling x8  
  37  3:33  Drone x3  
  44  3:35  Overlord  
  44  3:48  Zergling x4  
  41  3:56  Zergling x2  
  41  3:57  Zergling x2  
  34  4:23  Lair  
  34  4:30  Queen  
  36  4:33  Drone x3  
  36  4:34  Drone x5  
  44  4:40  Roach  
  46  4:49  Roach  
  48  4:56  Extractor  
  48  4:58  Extractor  
  46  5:01  Roach  
  46  5:02  Roach x2, Overlord x3  
  46  5:03  Overlord x2  
  52  5:33  Drone x5  
  52  5:34  Drone x5  
  57  6:02  Zergling x4  
  57  6:03  Zergling x16  
  55  6:14  Zergling x2  
  52  6:27  Roach x2  
  52  6:28  Roach  
  57  6:37  Roach x2, Queen  
  63  6:42  Queen  
  65  6:49  Spire  
  64  6:58  Drone x4  
  68  7:08  Drone x2  
  70  7:29  Roach  
  76  7:30  Roach x5  
  82  7:57  Hatchery  
  81  8:01  Zergling x12  
  81  8:02  Zergling x4  
  89  8:06  Zerg Flyer Weapons Level 1  
  89  8:07  Glial Reconstitution  
  89  8:18  Infestation Pit, Evolution Chamber  
  89  8:19  Evolution Chamber  
  86  8:47  Roach x3, Overlord  
  86  8:48  Overlord x4  
  92  8:49  Overlord x4  
  92  9:09  Zerg Missile Weapons Level 1, Zerg Ground Armor Level 1  
  92  9:25  Mutalisk x5  
  92  9:26  Mutalisk x7  
  92  9:27  Overlord  
  92  9:28  Overlord  
  116  9:48  Mutalisk x4  
  124  9:54  Drone x3  
  127  10:17  Roach  
  127  10:18  Zergling x8, Roach x3  
  127  10:19  Zergling x8  
  127  10:20  Overlord  
  143  10:27  Zerg Flyer Armor Level 1  
  143  10:34  Corruptor x3  
  149  10:41  Drone, Extractor x2  
  149  10:42  Drone x2  
  150  10:51  Pneumatized Carapace  
  150  10:56  Overseer x2  
  150  10:58  Overseer  
  150  11:23  Zerg Missile Weapons Level 2  
  150  11:37  Drone x3  
  150  11:38  Drone x9  
  162  12:17  Roach  
  162  12:18  Roach x11  
  186  12:22  Zerg Flyer Weapons Level 2  
  186  12:25  Zerg Ground Armor Level 2  
  186  12:55  Roach x4  
  186  12:56  Overlord  
  158  13:44  Roach x12  
  158  13:45  Roach x7  
  192  13:58  Overseer  
  181  14:26  Lair  
  180  14:57  Zerg Melee Weapons Level 1  
  180  14:58  Hatchery  
  161  15:57  Roach x3  
  161  15:58  Roach x14  
  191  16:09  Mutalisk x3  
  187  16:35  Overseer x2  
  187  16:36  Overseer  
  181  16:53  Mutalisk x3  
  181  16:54  Mutalisk x3  
  185  17:00  Queen  
  195  17:05  Roach  
  195  17:06  Roach  
  199  17:33  Hatchery  
Show
View Real Time Build Order
Export as new Build Order

tbkdeadpool Terran 

Build Orders:  

Get SALT Encoding   

  12  0:01  SCV  
  13  0:16  Supply Depot  
  13  0:18  SCV  
  14  0:40  Barracks  
  14  0:47  Barracks  
  14  1:00  Barracks  
  14  1:19  SCV  
  15  1:29  Supply Depot  
  15  1:30  Marine  
  16  1:34  Marine  
  17  1:44  SCV  
  18  1:48  Marine  
  18  1:50  Refinery  
  18  1:53  Marine, Supply Depot  
  20  1:54  Marine  
  21  2:06  Marine  
  22  2:13  SCV  
  23  2:20  Marine  
  23  2:21  Refinery  
  24  2:24  Marine  
  24  2:25  SCV  
  26  2:38  SCV  
  26  2:42  Marine  
  28  2:49  Barracks Tech Lab  
  28  3:00  Marine  
  28  3:01  Marine  
  30  3:18  Marine x2  
  30  3:19  Combat Shields  
  32  3:27  SCV  
  32  3:32  Marine  
  34  3:39  SCV  
  35  3:50  Marine  
  35  3:51  SCV  
  33  4:08  Marine  
  32  4:15  Barracks Reactor x2  
  29  4:22  Engineering Bay  
  29  4:26  Marine  
  30  4:44  Marine  
  31  4:50  Terran Infantry Weapons Level 1  
  31  4:52  Marine x4  
  33  4:55  Command Center  
  33  4:59  Orbital Command  
  35  5:02  Marine  
  36  5:10  Marine x3  
  36  5:13  Supply Depot  
  39  5:32  Marine x4  
  39  5:33  Marine  
  44  5:35  Supply Depot  
  44  5:50  Marine x2  
  44  5:53  Supply Depot  
  44  6:00  Factory  
  24  6:41  Marine x5  
  24  6:44  Terran Infantry Armor Level 1  
  29  6:47  Factory Tech Lab  
  27  6:54  Starport  
  27  6:58  Marine  
  28  7:02  SCV  
  28  7:06  Siege Tank  
  32  7:14  SCV  
  33  7:26  SCV  
  34  7:33  Armory  
  34  7:38  SCV, Siege Tank  
  38  7:50  SCV  
  39  8:01  Supply Depot  
  39  8:05  Starport Tech Lab  
  39  8:10  Siege Tank  
  39  8:12  Marine x2  
  43  8:13  Marine x2  
  43  8:14  Marine  
  43  8:16  Rapid Fire Launchers  
  47  8:24  Cloaking Field  
  47  8:26  Banshee  
  50  8:43  Siege Tank  
  53  8:50  Supply Depot  
  53  8:57  Marine x5  
  53  9:00  Terran Infantry Weapons Level 2  
  58  9:05  Terran Vehicle Weapons Level 1  
  58  9:09  Banshee  
  61  9:14  Marine  
  61  9:15  Marine  
  63  9:29  Cyclone  
  66  9:34  Marine x3  
  66  9:35  Marine  
  70  9:54  Banshee  
  73  10:05  Cyclone  
  76  10:07  Command Center  
  76  10:31  Refinery  
  76  10:36  Refinery  
  76  10:37  Banshee  
  79  10:42  Missile Turret  
  79  10:49  Marine x3  
  82  11:02  Missile Turret  
  82  11:07  Starport  
  82  11:20  Viking  
  84  11:33  SCV  
  85  11:45  SCV  
  86  11:50  Banshee  
  82  11:57  SCV  
  83  12:07  SCV  
  84  12:09  Missile Turret, SCV  
  85  12:19  SCV  
  86  12:32  SCV  
  86  12:33  Banshee  
  90  12:44  SCV  
  91  12:52  Starport Tech Lab  
  91  12:56  SCV  
  92  12:59  SCV  
  92  13:05  Terran Infantry Weapons Level 3  
  93  13:09  Marine x5  
  93  13:11  SCV  
  99  13:24  SCV  
  99  13:26  Marine  
  99  13:27  Marine  
  46  14:28  Marine  
  46  14:29  Marine x4  
  51  14:33  Viking  
  51  14:34  Viking  
  46  14:46  Marine x2  
  46  14:47  Marine x2  
  44  15:25  Siege Tank  
  47  15:32  Command Center  
  47  15:39  Command Center  
  35  15:49  Marine  
  27  15:50  Marine x4  
  27  15:57  Siege Tank  
  27  16:16  Marine  
  27  16:17  Marine x2  
  14  16:47  Barracks  
  5  17:07  SCV  
  6  17:15  SCV  
  5  17:27  SCV  
  6  17:39  SCV x2  
  7  17:52  SCV  
  7  17:57  SCV  
  9  18:04  SCV  
Tags
 
Matchup
TvZ
Spawn Locations
Cross Positions
Add a new tag
Caveats
  • Supply blocks, unpowered buildings, or Contaminate may cause inaccurate times.
  • Supply counts are checked every 10 seconds.